 Dungeon Crawl Stone Soup version 0.28-a0-563-gf77a47075d (webtiles) character file.

Game seed: 16383058670610749013

205 bande the Skirmisher (level 5, -1/33 HPs)
             Began as a Gargoyle Fighter on Sept 30, 2021.
             Was an Initiate of Okawaru.
             Slain by an ogre (23 damage)
             ... on level 4 of the Dungeon.
             The game lasted 00:04:06 (2636 turns).

bande the Skirmisher (Gargoyle Fighter)             Turns: 2636, Time: 00:04:07

Health: -1/33      AC: 16    Str: 21    XL:     5   Next: 83%
Magic:  5/5        EV:  7    Int:  8    God:    Okawaru [......]
Gold:   162        SH:  4    Dex:  9    Spells: 4/4 levels left

rFire   . . .      SeeInvis .   g - +1 war axe (vorpal)
rCold   . . .      Faith    .   c - +0 buckler
rNeg    + + .      Spirit   .   l - +2 chain mail {rN+}
rPois   ∞          Reflect  .   k - +0 helmet
rElec   +          Harm     .   (no cloak)
rCorr   .          Rampage  .   (no gloves)
Will    .....                   (no boots)
Stlth   ..........              (no amulet)
HPRegen 0.11/turn               (no ring)
MPRegen 0.09/turn               (no ring)

@: no status effects
A: sickness immunity, AC +4, negative energy resistance 1, electricity
resistance, torment resistance 1, petrification resistance
a: Renounce Religion


You were on level 4 of the Dungeon.
You worshipped Okawaru.
Okawaru was noncommittal.
You visited 2 branches of the dungeon, and saw 5 of its levels.

You collected 162 gold pieces.

Inventory:

Hand Weapons
 a - a +1 war axe
 g - a +1 vorpal war axe (weapon)
Armour
 c - a +0 buckler (worn)
 k - a +0 helmet (worn)
 l - a +2 chain mail of positive energy (worn)
Potions
 d - a potion of might
 e - a potion of curing
 f - a potion of cancellation
 h - a potion of brilliance {unknown}


   Skills:
 + Level 4.2 Fighting
 + Level 4.0 Axes
 + Level 4.0 Armour
 + Level 3.7 Shields
 * Level 1.1 Invocations


You had 4 spell levels left.
You didn't know any spells.
Your spell library contained the following spells:

 Spells                   Type           Power      Damage    Failure   Level
 Ensorcelled Hibernation  Hex/Ice        0%         N/A       99%         2
 Spider Form              Tmut/Pois      0%         N/A       100%        3


Dungeon Overview and Level Annotations

Branches:
Dungeon (4/15)             Temple (1/1) D:4

Altars:
Ashenzari
Cheibriados
Dithmenos
Elyvilon
Fedhas
Gozag
Hepliaklqana
Kikubaaqudgha
Makhleb
Okawaru
Qazlal
Ru
Sif Muna
Trog
Uskayaw
Vehumet
Wu Jian
Xom
Yredelemnul
Zin
The Shining One

Shops:
D:4 [


Innate Abilities, Weirdness & Mutations

You are immune to sickness and miasma.
Your stone body is resilient. (AC +4)
You are immune to poison.
You resist negative energy. (rN+)
You are resistant to electric shocks. (rElec)
You are resistant to unholy torment.
You are immune to petrification.


Message History

You slash the sky beast!
The sky beast is almost dead.
The sky beast hits you but does no damage. x2
You slash the sky beast!
You kill the sky beast!
Okawaru accepts your kill.
Your Axes skill increases to level 4!
Your Armour skill increases to level 4!
Your Invocations skill increases to level 1!
You have reached level 5!
You see here a sky beast corpse.
You see here 2 large rocks.
You now have 162 gold pieces (gained 9).
Found a robe.
Found 18 arrows.
No target in view!
An endoplasm comes into view.
The endoplasm quivers.
An endoplasm is nearby!
The endoplasm hits you but does no damage.
You slash the endoplasm!
You kill the endoplasm!
Okawaru accepts your kill.
No target in view!
No target in view!
No target in view!
No target in view!
No target in view!
Found Feutwawu's Antique Armour Emporium.
An ogre comes into view. It is wielding a +0 giant club.
The ogre shouts!
The ogre hits you with a +0 giant club!
You barely miss the ogre. You block the ogre's attack.
You hit the ogre.
The ogre is lightly wounded.
You block the ogre's attack.
You barely miss the ogre.
The ogre is lightly wounded.
The ogre hits you with a +0 giant club!!
Ouch! That really hurt!
You die...

,,,,,,* *,* *,,***,,** *,,
,,,*,,* ##.* **..* *,,,*****,
,,,**,** #..## *..#* **,,,,,,,,
,,***..* #...#*##..# **,,,,,,,,
,,,**..#* #...##...#****,,*,,,,,,
+****...###........,,**.,****,,,*
,,≈**............#,,,...,*****,,*
≈⌠,,*...........###....#**,* *,,*
,,*≈*,*,#.......@O.#,,,*,,** *,,,
,,≈****,##......#..#,,**,,* **,,,
,*** *,*##..##.####,,**,** *,,**
#**#######...##.##,,,,,,,****,,,*
..*#.#.............,,,,,,,,..,,,,
..##.....#..#...........,*#..,,,,
.........................,..,,***
...[.(.....#................,,*
..#...##..###............*.##,###


You could see an ogre.

Vanquished Creatures
  A sky beast (D:4)
  4 adders
  A howler monkey skeleton (D:4)
  A worm (D:2)
  A dart slug (D:3)
  3 orcs (D:3)
  8 ball pythons
  2 endoplasms
  4 giant cockroaches
  8 goblins
  4 hobgoblins
  A quokka (D:2)
  6 bats
  4 frilled lizards
  5 kobolds
  9 rats
62 creatures vanquished.

Notes
Turn   | Place    | Note
-------+----------+-------------------------------------------
     0 | D:1      | bande the Gargoyle Fighter began the quest for the Orb.
     0 | D:1      | Reached XP level 1. HP: 14/14 MP: 1/1
    20 | D:1      | Noticed a minotaur zombie
    73 | D:1      | Found a faded altar of an unknown god.
    84 | D:1      | Reached XP level 2. HP: 17/19 MP: 2/2
   459 | D:1      | You fall into a shaft and drop 1 floor!
  1045 | D:2      | Reached XP level 3. HP: 22/24 MP: 3/3
  1415 | D:2      | Reached XP level 4. HP: 29/29 MP: 4/4
  2313 | D:4      | Found a staircase to the Ecumenical Temple.
  2324 | Temple   | Entered the Ecumenical Temple
  2381 | Temple   | Became a worshipper of Warmaster Okawaru
  2531 | D:4      | Noticed a sky beast
  2536 | D:4      | Killed a sky beast
  2537 | D:4      | Reached skill level 1 in Invocations
  2537 | D:4      | Reached XP level 5. HP: 33/33 MP: 5/5
  2626 | D:4      | Found Feutwawu's Antique Armour Emporium.
  2630 | D:4      | Noticed an ogre
  2636 | D:4      | Slain by an ogre

Illustrated notes

Levels and vault maps discovered:
D:1:      shiori_arrival_whats_in_store_for_you, layout_basic,
          ebering_ecumenical_altar_webs
D:2:      layout_basic
D:3:      layout_loops_ring
D:4:      layout_layer_cave, mainiacjoe_overflow_brackets,
          minmay_temple_entry_mist, ebering_ghost_disaster_area, serial_shops,
          shop
Temple:   nicolae_temple_the_god_donut

Skill      XL: |  1  2  3  4 |
---------------+-------------+-----
Axes           | 2 4 |  4.0
Fighting       | 4 |  4.2
Armour         | 4 |  4.0
Invocations    | 1 |  1.1
Shields        | |  3.7

Action                   |  1- 3 |  4- 6 || total
-------------------------+-------+-------++-------
Melee: War axe           |    82 |    75 ||   157
  Use: Scroll            |       |     4 ||     4
       Potion            |       |     2 ||     2
Armor: Scale mail        |    56 |    39 ||    95
       Chain mail        |       |    10 ||    10
Dodge: Dodged            |    40 |    30 ||    70
Block: Buckler           |    20 |    12 ||    32

Table legend: (Time is in decaauts)
 A = Elapsed time spent in this place.
 B = Non-inter-level travel time spent in this place.
 C = Inter-level travel time spent in this place.
 D = Time resting spent in this place.
 E = Time spent auto-exploring this place.
 F = Levels seen in this place.
 G = Mean time per level.
                   A        B        C        D        E       F      G
               +--------+--------+--------+--------+--------+-----+--------+
         Total |   2699 |   2677 |     22 |     19 |   2044 |   5 |  539.8 |
       Dungeon |   2602 |   2580 |     22 |     19 |   2044 |   4 |  650.5 |
        Temple |     96 |     96 |      0 |      0 |      0 |   1 |   96.0 |
               +--------+--------+--------+--------+--------+-----+--------+

Top non-repeatable levels by time:
     D:1: 934 daAuts
     D:3: 716 daAuts
     D:2: 601 daAuts
     D:4: 350 daAuts
  Temple: 96 daAuts
